 Dungeon Crawl Stone Soup version 0.26.1-10-gdfb7c7de75 (webtiles) character file.

Game seed: 17594268597954198411

39 oldmanjim the Ruffian (level 3, 0/29 HPs)
             Began as a Draconian Transmuter on Apr 7, 2021.
             Succumbed to an adder's poison
             ... on level 2 of the Dungeon.
             The game lasted 00:06:32 (1284 turns).

oldmanjim the Ruffian (Draconian Transmuter)        Turns: 1284, Time: 00:06:33

Health: 0/29       AC:  5    Str: 12    XL:     3   Next: 26%
Magic:  6/6        EV: 12    Int: 14    God:
Gold:   86         SH:  0    Dex: 11    Spells: 5/6 levels left

rFire    . . .     SeeInvis .     - Unarmed
rCold    . . .     Faith    .   (no shield)
rNeg     . . .     Spirit   .   (armour unavailable)
rPois    .         Reflect  .   (helmet currently unavailable)
rElec    .         Harm     .   (no cloak)
rCorr    .         Rampage  .   (no gloves)
Will     .....                  (boots currently unavailable)
Stlth    ++........             (no amulet)
HPRegen  0.09/turn              e - ring of stealth
MPRegen  0.10/turn              (no ring)

@: lethally poisoned (0 -> -7), appendages (expiring)
A: unfitting armour, horns 2, talons 2, cold-blooded, AC +5
a: End Transformation


You were on level 2 of the Dungeon.
You had grown temporary horns.
You had grown temporary talons.
You visited 1 branch of the dungeon, and saw 2 of its levels.

You collected 86 gold pieces.

Inventory:

Hand Weapons
 a - a +1 hunting sling
Missiles
 c - 34 stones
 h - 6 atropa-tipped darts
Jewellery
 e - a ring of stealth (left hand)
Scrolls
 b - a scroll of remove curse
 g - a scroll of teleportation {unknown}
 i - 2 scrolls of magic mapping {unknown}
 j - a scroll of noise {unknown}


   Skills:
 + Level 2.2 Fighting
 - Level 1.7 Dodging
 + Level 3.4 Unarmed Combat
 - Level 2.0 Spellcasting
 + Level 2.7 Transmutations


You had 5 spell levels left.
You knew the following spells:

 Your Spells              Type           Power        Failure   Level
a - Beastly Appendage     Tmut           16%          8%          1

Your spell library contained the following spells:

 Spells                   Type           Power        Failure   Level
 Wereblood                Tmut           8%           12%         2
 Spider Form              Tmut/Pois      2%           38%         3
 Ice Form                 Ice/Tmut       5%           80%         4
 Blade Hands              Tmut           4%           91%         5


Dungeon Overview and Level Annotations

Branches:
Dungeon (2/15)

Altars:


Innate Abilities, Weirdness & Mutations

Your plain brown scales are hard. (AC +5)
You cannot fit into any form of body armour.
You are cold-blooded and may be slowed by cold attacks.
You have a pair of horns on your head.
You have razor-sharp toenails.


Message History

* * * LOW HITPOINT WARNING * * *
You feel sick. The adder closely misses you. x2
You hit the adder.
You kill the adder!
* * * LOW HITPOINT WARNING * * *
You feel sick.
It was a potion of magic.
Magic courses through your body.
* * * LOW HITPOINT WARNING * * *
You feel sick.
There is a lethal amount of poison in your body!
* * * LOW HITPOINT WARNING * * *
You feel sick.
Your transformation is almost over.
* * * LOW HITPOINT WARNING * * *
You feel sick.
* * * LOW HITPOINT WARNING * * *
You feel sick.
* * * LOW HITPOINT WARNING * * *
You feel sick.
You die...

#####.##.
#.....(.. . #<#
(. #.# (..
.######.###.#
..............?.#
..#(.######.###.#
................#
#((†@....#####
#####.#### #.#
#.# #.# #.# #..
##.


There were no monsters in sight!

Vanquished Creatures
  An adder (D:2)
  A dart slug (D:1)
  2 leopard geckos (D:1)
  A giant cockroach (D:1)
  6 hobgoblins (D:1)
  A ball python (D:1)
  8 bats (D:1)
  A frilled lizard (D:1)
  3 rats
24 creatures vanquished.

Notes
Turn   | Place    | Note
-------+----------+-------------------------------------------
     0 | D:1      | oldmanjim the Draconian Transmuter began the quest for the
                  | Orb.
     0 | D:1      | Reached XP level 1. HP: 16/16 MP: 3/3
   390 | D:1      | Reached XP level 2. HP: 23/23 MP: 5/5
  1185 | D:1      | Reached XP level 3. HP: 29/29 MP: 6/6
  1283 | D:2      | HP: 1/29 [poisoned by an adder]
  1284 | D:2      | Succumbed to an adder's poison

Illustrated notes

Levels and vault maps discovered:
D:1:      co_arrival_random_square_maze, layout_basic
D:2:      layout_loops_ring, uniq_natasha

Skill      XL: |  1  2 |
---------------+-------+-----
Fighting       | 2 |  2.2
Dodging        | |  1.7
Unarmed Combat | |  3.4
Spellcasting   | |  2.0
Transmutations | |  2.7

Action                   || total
-------------------------++-------
Melee: Hunting sling     ||     7
       Kick              ||     1
       Unarmed           ||     3
 Fire: Hunting sling     ||   137
 Cast: Beastly Appendage ||     2
  Use: Scroll            ||     3
       Potion            ||     1
Armor: Skin              ||    46
Dodge: Dodged            ||   127
